Map: Catalyst LE

Players

TheBronzie

  • Race: Zerg Zerg
  • League: Gold
  • Spawn Location: 11:00

HIGUMA - Winner!

  • Race: Terran Terran
  • League: Platinum
  • Spawn Location: 5:00

VOD

Have the link to the VOD?

Description

Time

  • Played on: Aug. 13, 2018, 12:59 a.m.
  • Length: 11:13
Show
View Real Time Build Order
Export as new Build Order

TheBronzie Zerg 

Build Orders: Hatch First 

Get SALT Encoding   

  12  0:02  Drone  
  13  0:14  Overlord  
  13  0:18  Drone  
  14  0:32  Drone x2  
  16  0:37  Drone  
  17  0:47  Drone  
  18  0:58  Drone  
  19  1:08  Extractor  
  18  1:13  Hatchery  
  18  1:18  Drone, Spawning Pool  
  18  1:24  Drone  
  18  1:34  Drone  
  19  1:41  Drone  
  20  1:52  Drone  
  21  2:04  Drone  
  22  2:10  Metabolic Boost  
  22  2:14  Overlord  
  22  2:24  Queen  
  22  2:28  Overlord  
  22  2:29  Zergling x2  
  25  2:34  Queen  
  27  2:37  Zergling x4  
  29  2:53  Drone x2  
  31  3:04  Drone x2  
  33  3:15  Drone x2  
  33  3:16  Drone  
  36  3:21  Drone  
  36  3:24  Lair, Extractor  
  36  3:35  Drone  
  36  3:36  Drone  
  36  3:40  Drone x3  
  36  3:41  Drone  
  42  3:46  Zergling x4  
  44  3:58  Overlord x2  
  44  4:12  Overlord  
  44  4:15  Queen  
  46  4:18  Zergling x6  
  46  4:19  Zergling x6  
  52  4:24  Baneling Nest  
  52  4:25  Drone  
  52  4:26  Drone x3, Hatchery  
  54  4:41  Drone x4  
  58  4:50  Drone x3  
  58  4:51  Queen  
  56  5:05  Hydralisk Den  
  55  5:16  Queen  
  57  5:25  Spine Crawler  
  57  5:27  Queen  
  58  5:29  Baneling  
  58  5:30  Baneling x7  
  58  5:38  Drone x8  
  58  5:39  Drone  
  67  5:48  Extractor  
  66  5:51  Extractor  
  66  5:53  Muscular Augments  
  65  5:59  Queen  
  69  6:06  Pneumatized Carapace  
  67  6:13  Zergling x2  
  67  6:14  Zergling x12  
  67  6:15  Overlord x3  
  70  6:41  Drone x6  
  70  6:42  Drone x3  
  79  6:59  Drone x5  
  84  7:05  Drone  
  84  7:07  Grooved Spines  
  85  7:11  Spore Crawler  
  85  7:14  Spore Crawler  
  83  7:16  Spine Crawler  
  83  7:20  Spine Crawler  
  81  7:27  Drone  
  81  7:28  Drone x7  
  89  7:30  Extractor  
  89  7:33  Extractor  
  87  7:38  Spore Crawler  
  87  7:40  Spine Crawler  
  87  7:43  Burrow  
  85  7:45  Spine Crawler  
  85  7:49  Hydralisk  
  85  7:50  Hydralisk x6  
  98  7:56  Evolution Chamber  
  97  7:59  Evolution Chamber  
  96  8:14  Zergling x4  
  96  8:15  Overlord x4  
  96  8:16  Overlord x3  
  98  8:29  Zerg Ground Armor Level 1, Zerg Melee Weapons Level 1  
  98  8:33  Infestation Pit  
  97  8:37  Hydralisk x9  
  115  8:48  Hydralisk  
  115  8:49  Hydralisk x4  
  115  8:53  Hatchery  
  124  8:58  Drone x7  
  131  9:04  Spore Crawler  
  131  9:05  Spore Crawler  
  131  9:08  Drone x4  
  125  9:38  Hydralisk x10  
  110  9:46  Zergling x2  
  111  9:54  Zergling x4  
  106  10:13  Hatchery  
  98  10:25  Zergling x2  
  98  10:26  Zergling x22  
  88  10:31  Zergling x4  
  82  10:45  Zergling x4  
  82  10:48  Zergling x2  
  63  10:58  Baneling x2  
Show
View Real Time Build Order
Export as new Build Order

HIGUMA Terran - Winner!

Build Orders: Reaper Expand 

Get SALT Encoding   

  12  0:01  SCV  
  13  0:14  SCV  
  14  0:18  Supply Depot  
  14  0:26  SCV  
  15  0:29  Refinery  
  15  0:40  SCV  
  16  0:48  Barracks  
  16  0:56  SCV  
  17  1:08  SCV  
  18  1:20  SCV  
  19  1:35  Orbital Command  
  19  1:36  Reaper  
  20  1:51  Command Center  
  20  2:06  Factory  
  20  2:08  SCV  
  21  2:17  Supply Depot, Barracks Reactor  
  21  2:24  Refinery  
  21  2:25  SCV  
  22  2:37  SCV  
  23  2:50  SCV, Supply Depot  
  24  3:02  Hellion x2  
  24  3:04  Barracks Tech Lab  
  24  3:05  Orbital Command  
  27  3:07  SCV  
  28  3:21  Starport  
  28  3:27  Armory  
  28  3:30  Hellion  
  29  3:47  Hellion  
  31  3:51  Orbital Command  
  31  3:52  Hellion  
  31  3:54  Marauder  
  35  3:56  Concussive Shells  
  35  4:00  SCV  
  36  4:03  Medivac  
  38  4:12  SCV  
  38  4:14  Supply Depot  
  39  4:25  Supply Depot, Widow Mine x2  
  43  4:35  SCV x2  
  45  4:39  Marauder  
  47  4:48  Supply Depot  
  47  5:09  Marauder  
  47  5:10  Hellbat x2  
  47  5:11  SCV x2  
  55  5:14  Refinery  
  55  5:18  Starport Reactor  
  55  5:23  SCV x2  
  57  5:30  Barracks  
  57  5:41  SCV x2  
  57  5:42  Ghost Academy  
  59  5:53  SCV x2, Hellion x2  
  65  6:08  Barracks  
  65  6:28  Ghost  
  65  6:31  Hellion  
  69  6:32  Barracks Tech Lab  
  69  6:36  SCV  
  69  6:37  Hellion  
  69  6:38  Supply Depot  
  69  6:39  Refinery, Supply Depot  
  68  6:41  Liberator x2  
  68  6:52  SCV x2  
  70  6:58  Ghost  
  70  7:00  Ghost  
  80  7:06  Supply Depot  
  80  7:09  Hellbat x2  
  84  7:16  SCV x2  
  84  7:20  Supply Depot  
  86  7:26  Barracks Tech Lab, Ghost  
  88  7:30  Widow Mine x2  
  92  7:40  Supply Depot  
  92  7:42  Ghost  
  92  7:43  Supply Depot  
  94  7:46  Liberator x2  
  100  8:08  Ghost x2  
  100  8:11  Hellbat  
  106  8:18  SCV x2  
  108  8:25  Ghost  
  110  8:27  Supply Depot  
  110  8:33  Terran Vehicle Weapons Level 1  
  110  8:36  Ghost  
  110  8:41  Hellion x2  
  116  8:42  Supply Depot  
  116  8:45  Supply Depot  
  116  8:52  Ghost  
  116  8:54  Liberator, Ghost  
  119  9:09  Hellbat x2  
  107  9:47  Ghost  
  107  9:48  Ghost  
  107  9:49  Cyclone x2  
  107  9:51  Liberator  
  117  10:05  Supply Depot  
  111  10:22  Hellbat  
  103  10:30  Marauder x2  
  103  10:31  Cyclone  
Tags
 
Add a new tag
Caveats
  • Supply blocks, unpowered buildings, or Contaminate may cause inaccurate times.
  • Supply counts are checked every 10 seconds.